TOP OF THE 1ST |
Key West Barracudas batting - Pitching for Salem Silver Souls : RHP Patrick Williamson
|
Pitching: RHP Patrick Williamson
|
|
Batting: SHB Luis Manuel López
|
0-0: Ball 1-0: Foul Ball, location: 2F 1-1: Ball 2-1: Ball 3-1: Foul Ball, location: 2F 3-2: Strikes out swinging
|
Batting: SHB Héctor Jiménez
|
0-0: Ball 1-0: Ball 2-0: SINGLE (Line Drive, 8LS)
|
Batting: RHB Frederick Chamberlain
|
0-0: Grounds into double play, 6-4-3 (Groundball, 6)
|
Top of the 1st over - 0 run(s), 1 hit(s), 0 error(s), 0 left on base; Key West 0 - Salem 0 |
BOTTOM OF THE 1ST |
Salem Silver Souls batting - Pitching for Key West Barracudas : RHP Lawrence Fish
|
Pitching: RHP Lawrence Fish
|
|
Batting: LHB Joel Nelson
|
0-0: Ball 1-0: Swinging Strike 1-1: Ball 2-1: Swinging Strike 2-2: Strikes out looking
|
Batting: RHB Augusto Baiano
|
0-0: Ball 1-0: Called Strike 1-1: Ball 2-1: DOUBLE (Line Drive, 89M)
|
Batting: RHB Tom Hughes
|
0-0: Called Strike 0-1: Called Strike 0-2: Ball 1-2: Fly out, F5 (Line Drive, 56)
|
Batting: RHB Jim Villiers
|
0-0: Ball 1-0: Fly out, F9 (Flyball, 9)
|
Bottom of the 1st over - 0 run(s), 1 hit(s), 0 error(s), 1 left on base; Key West 0 - Salem 0 |
TOP OF THE 2ND |
Key West Barracudas batting - Pitching for Salem Silver Souls : RHP Patrick Williamson
|
Batting: RHB Steve Gómez
|
0-0: Called Strike 0-1: Ball 1-1: Ball 2-1: Ball 3-1: Base on Balls
|
Batting: RHB Ramón Díaz
|
0-0: Ball 1-0: Called Strike 1-1: Ball 2-1: Swinging Strike 2-2: Foul Ball, location: 2F 2-2: Strikes out swinging
|
Batting: SHB Jacob Knapp
|
0-0: Ball 1-0: Ball 2-0: Foul Ball, location: 2F 2-1: 2-RUN HOME RUN (Flyball, 8RXD), Distance : 435 ft
|
Batting: RHB Anastasio Zartuche
|
0-0: Ground out 6-3 (Groundball, 6)
|
Now at SS: Adam Thomas
|
|
Batting: RHB Domingo Hernández
|
0-0: Ball 1-0: Called Strike 1-1: SINGLE (Line Drive, 56)
|
Batting: RHB Júlio Cruz
|
0-0: Fly out, F9 (Flyball, 89S)
|
Top of the 2nd over - 2 run(s), 2 hit(s), 0 error(s), 1 left on base; Key West 2 - Salem 0 |
BOTTOM OF THE 2ND |
Salem Silver Souls batting - Pitching for Key West Barracudas : RHP Lawrence Fish
|
Batting: LHB Hamilton Hughes
|
0-0: SINGLE (Groundball, 34D)
|
Batting: RHB Adam Thomas
|
0-0: Called Strike 0-1: Swinging Strike 0-2: Ball 1-2: Fly out, F8 (Flyball, 8RM)
|
Batting: LHB Jermaine Carter
|
0-0: Ball 1-0: Ball 2-0: Called Strike 2-1: Swinging Strike 2-2: Foul Ball, location: 2F 2-2: Strikes out swinging
|
Batting: SHB Francis Shaffer
|
0-0: Ball 1-0: Called Strike 1-1: Called Strike 1-2: Ball 2-2: Ball 3-2: Base on Balls Hamilton Hughes to second
|
Batting: RHB Jack Snyder
|
0-0: Ball 1-0: Ball 2-0: Called Strike 2-1: Swinging Strike 2-2: Foul Ball, location: 2F 2-2: Ball 3-2: Base on Balls Hamilton Hughes to third Francis Shaffer to second
|
Batting: LHB Joel Nelson
|
0-0: Foul Ball, location: 2F 0-1: Ball 1-1: Foul Ball, location: 2F 1-2: Ball 2-2: Ball 3-2: Foul Ball, location: 2F 3-2: Base on Balls Hamilton Hughes scores Francis Shaffer to third Jack Snyder to second
|
Batting: RHB Augusto Baiano
|
0-0: Ball 1-0: Reached via error on a dropped throw, E4 Francis Shaffer scores Jack Snyder to third Joel Nelson to second
|
Batting: RHB Tom Hughes
|
0-0: Ball 1-0: Fielders Choice at 2nd, U6 (Groundball, 6M)
|
Bottom of the 2nd over - 2 run(s), 1 hit(s), 1 error(s), 3 left on base; Key West 2 - Salem 2 |
TOP OF THE 3RD |
Key West Barracudas batting - Pitching for Salem Silver Souls : RHP Patrick Williamson
|
Batting: SHB Luis Manuel López
|
0-0: Ground out U3 (Groundball, 34)
|
Batting: SHB Héctor Jiménez
|
0-0: Ball 1-0: Ball 2-0: Called Strike 2-1: Ball 3-1: Fly out, F4 (Flyball, 4D)
|
Batting: RHB Frederick Chamberlain
|
0-0: Swinging Strike 0-1: Swinging Strike 0-2: Strikes out looking
|
Top of the 3rd over - 0 run(s), 0 hit(s), 0 error(s), 0 left on base; Key West 2 - Salem 2 |
BOTTOM OF THE 3RD |
Salem Silver Souls batting - Pitching for Key West Barracudas : RHP Lawrence Fish
|
Batting: RHB Jim Villiers
|
0-0: Ball 1-0: Ball 2-0: Swinging Strike 2-1: Ball 3-1: Called Strike 3-2: Base on Balls
|
Batting: LHB Hamilton Hughes
|
0-0: SINGLE (Groundball, 6MD) Jim Villiers to second
|
Batting: RHB Adam Thomas
|
0-0: Called Strike 0-1: Ball 1-1: Swinging Strike 1-2: Strikes out looking
|
Batting: LHB Jermaine Carter
|
0-0: 3-RUN HOME RUN (Line Drive, 89XD), Distance : 432 ft
|
Batting: SHB Francis Shaffer
|
0-0: Ball 1-0: Foul Ball, location: 2F 1-1: Foul Ball, location: 2F 1-2: Ball 2-2: Foul Ball, location: 2F 2-2: Foul Ball, location: 2F 2-2: Strikes out looking
|
Batting: RHB Jack Snyder
|
0-0: Ball 1-0: Foul Ball, location: 2F 1-1: Ball 2-1: Swinging Strike 2-2: Strikes out looking
|
Bottom of the 3rd over - 3 run(s), 2 hit(s), 0 error(s), 0 left on base; Key West 2 - Salem 5 |
TOP OF THE 4TH |
Key West Barracudas batting - Pitching for Salem Silver Souls : RHP Patrick Williamson
|
Batting: RHB Steve Gómez
|
0-0: Called Strike 0-1: Ball 1-1: Swinging Strike 1-2: Foul Ball, location: 2F 1-2: Strikes out swinging
|
Batting: RHB Ramón Díaz
|
0-0: Foul Ball, location: 2F 0-1: Ball 1-1: Ball 2-1: Ball 3-1: SINGLE (Flyball, 56D)
|
Batting: SHB Jacob Knapp
|
0-0: Foul Ball, location: 2F 0-1: Foul Ball, location: 2F 0-2: Foul Ball, location: 2F 0-2: Ball 1-2: Foul Ball, location: 2F 1-2: Strikes out swinging
|
Batting: RHB Anastasio Zartuche
|
0-0: Ball 1-0: Called Strike Ramón Díaz steals 2nd base 1-1: Ball 2-1: Swinging Strike 2-2: Ball 3-2: Strikes out swinging
|
Top of the 4th over - 0 run(s), 1 hit(s), 0 error(s), 1 left on base; Key West 2 - Salem 5 |
BOTTOM OF THE 4TH |
Salem Silver Souls batting - Pitching for Key West Barracudas : RHP Lawrence Fish
|
Pitching: RHP Sean Flynn
|
|
Batting: LHB Joel Nelson
|
0-0: Called Strike 0-1: Ball 1-1: Ball 2-1: Foul Ball, location: 2F 2-2: Foul Ball, location: 2F 2-2: Foul Ball, location: 2F 2-2: Ball 3-2: Ground out 5-3 (Groundball, 56)
|
Batting: RHB Augusto Baiano
|
0-0: Ground out 5-3 (Groundball, 56)
|
Batting: RHB Tom Hughes
|
0-0: Fly out, F4 (Line Drive, 4M)
|
Bottom of the 4th over - 0 run(s), 0 hit(s), 0 error(s), 0 left on base; Key West 2 - Salem 5 |
TOP OF THE 5TH |
Key West Barracudas batting - Pitching for Salem Silver Souls : RHP Patrick Williamson
|
Batting: RHB Domingo Hernández
|
0-0: Ball 1-0: Called Strike 1-1: Ball 2-1: Fly out, F6 (Popup, 56)
|
Batting: RHB Júlio Cruz
|
0-0: Called Strike 0-1: Ball 1-1: Ball 2-1: Ground out 6-3 (Groundball, 6M)
|
Batting: SHB Luis Manuel López
|
0-0: Called Strike 0-1: Foul Ball, location: 2F 0-2: Ball 1-2: Ball 2-2: Foul Ball, location: 2F 2-2: Ball 3-2: Base on Balls
|
Pitching: RHP Bob Bartell
|
|
Batting: SHB Héctor Jiménez
|
0-0: Ball 1-0: Foul Ball, location: 2F 1-1: Called Strike 1-2: Ball 2-2: Ball Pickoff Throw by Catcher to First - Error! E2 Luis Manuel López to second 3-2: Fly out, F8 (Flyball, 8LM)
|
Top of the 5th over - 0 run(s), 0 hit(s), 1 error(s), 1 left on base; Key West 2 - Salem 5 |
BOTTOM OF THE 5TH |
Salem Silver Souls batting - Pitching for Key West Barracudas : RHP Sean Flynn
|
Batting: RHB Jim Villiers
|
0-0: Called Strike 0-1: Ball 1-1: Swinging Strike 1-2: Foul Ball, location: 2F 1-2: Ball 2-2: Strikes out swinging
|
Batting: LHB Hamilton Hughes
|
0-0: SOLO HOME RUN (Flyball, 9D), Distance : 377 ft
|
Batting: RHB Adam Thomas
|
0-0: Called Strike 0-1: Ball 1-1: Foul Ball, location: 2F 1-2: Ball 2-2: Fly out, F7 (Flyball, 7)
|
Batting: LHB Jermaine Carter
|
0-0: Swinging Strike 0-1: Ball 1-1: Ground out U3 (Groundball, 3L)
|
Bottom of the 5th over - 1 run(s), 1 hit(s), 0 error(s), 0 left on base; Key West 2 - Salem 6 |
TOP OF THE 6TH |
Key West Barracudas batting - Pitching for Salem Silver Souls : RHP Bob Bartell
|
Batting: RHB Frederick Chamberlain
|
0-0: Ball 1-0: Called Strike 1-1: Ball 2-1: Foul Ball, location: 2F 2-2: Ball 3-2: Foul Ball, location: 2F 3-2: Strikes out looking
|
Batting: RHB Steve Gómez
|
0-0: Foul Ball, location: 2F 0-1: Ball 1-1: Ball 2-1: Ball 3-1: Base on Balls
|
Batting: RHB Ramón Díaz
|
0-0: Foul Ball, location: 2F 0-1: Ball 1-1: Foul Ball, location: 2F 1-2: Foul Ball, location: 2F 1-2: Fly out, F9 (Flyball, 9LS)
|
Batting: SHB Jacob Knapp
|
0-0: Ball 1-0: Ball 2-0: Foul Ball, location: 2F 2-1: DOUBLE (Line Drive, 9LM) Steve Gómez to third
|
Batting: RHB Anastasio Zartuche
|
0-0: Called Strike 0-1: Ball 1-1: Ground out 6-3 (Groundball, 6)
|
Top of the 6th over - 0 run(s), 1 hit(s), 0 error(s), 2 left on base; Key West 2 - Salem 6 |
BOTTOM OF THE 6TH |
Salem Silver Souls batting - Pitching for Key West Barracudas : RHP Gabe Lewis
|
Pitching: RHP Gabe Lewis
|
|
Batting: SHB Francis Shaffer
|
0-0: Called Strike 0-1: Ball 1-1: Ball 2-1: Called Strike 2-2: Strikes out swinging
|
Batting: RHB Jack Snyder
|
0-0: SINGLE (Groundball, 34D)
|
Batting: LHB Joel Nelson
|
0-0: Ball Wild Pitch! Jack Snyder to second 1-0: Intentional Walk
|
Batting: RHB Augusto Baiano
|
0-0: Foul Ball, location: 2F 0-1: Grounds into double play, 4-6-3 (Groundball, 4M)
|
Bottom of the 6th over - 0 run(s), 1 hit(s), 0 error(s), 1 left on base; Key West 2 - Salem 6 |
TOP OF THE 7TH |
Key West Barracudas batting - Pitching for Salem Silver Souls : RHP Bob Bartell
|
Batting: RHB Domingo Hernández
|
0-0: Ball 1-0: Called Strike 1-1: SOLO HOME RUN (Flyball, 7LD), Distance : 348 ft
|
Batting: RHB Júlio Cruz
|
0-0: Foul Ball, location: 2F 0-1: Foul Ball, location: 2F 0-2: Ball 1-2: Strikes out swinging
|
Batting: SHB Luis Manuel López
|
0-0: Called Strike 0-1: Ball 1-1: Foul Ball, location: 2F 1-2: Ball 2-2: Strikes out looking
|
Pitching: RHP Mario Navarro
|
|
Batting: SHB Héctor Jiménez
|
0-0: Ball 1-0: Ball 2-0: Called Strike 2-1: Foul Ball, location: 2F 2-2: Strikes out swinging
|
Top of the 7th over - 1 run(s), 1 hit(s), 0 error(s), 0 left on base; Key West 3 - Salem 6 |
BOTTOM OF THE 7TH |
Salem Silver Souls batting - Pitching for Key West Barracudas : RHP Gabe Lewis
|
Batting: RHB Tom Hughes
|
0-0: Ball 1-0: SINGLE (Groundball, 6MD)
|
Batting: RHB Jim Villiers
|
0-0: Called Strike 0-1: Foul Ball, location: 2F 0-2: Strikes out swinging
|
Batting: LHB Hamilton Hughes
|
0-0: Ball 1-0: Ball 2-0: Foul Ball, location: 2F 2-1: Called Strike 2-2: Foul Ball, location: 2F 2-2: Ball 3-2: SINGLE (Flyball, 7S) Tom Hughes to second Tom Hughes to third
|
Batting: RHB Adam Thomas
|
0-0: Foul Ball, location: 2F 0-1: Swinging Strike 0-2: Foul Ball, location: 2F 0-2: Strikes out swinging
|
Batting: LHB Jermaine Carter
|
0-0: Foul Ball, location: 2F 0-1: Ball 1-1: Ball 2-1: SINGLE (Groundball, 4MD) (infield hit) Tom Hughes scores Hamilton Hughes to second
|
Batting: SHB Francis Shaffer
|
0-0: Ball 1-0: Foul Ball, location: 2F 1-1: Ball 2-1: Ball Passed Ball! Hamilton Hughes to third Jermaine Carter to second 3-1: Base on Balls
|
Batting: RHB Jack Snyder
|
0-0: Ball 1-0: SINGLE (Flyball, 89S) Hamilton Hughes scores Jermaine Carter to third Francis Shaffer to second Runner from 3rd tries for Home, SAFE, no throw
|
Batting: LHB Joel Nelson
|
0-0: Called Strike 0-1: Ball 1-1: SINGLE (Line Drive, 56D) Francis Shaffer to third Jack Snyder to second
|
Batting: RHB Augusto Baiano
|
0-0: Called Strike 0-1: Foul Ball, location: 2F 0-2: Strikes out swinging
|
Bottom of the 7th over - 3 run(s), 5 hit(s), 0 error(s), 3 left on base; Key West 3 - Salem 9 |
TOP OF THE 8TH |
Key West Barracudas batting - Pitching for Salem Silver Souls : RHP Mario Navarro
|
Batting: RHB Frederick Chamberlain
|
0-0: Called Strike 0-1: Foul Ball, location: 2F 0-2: Ball 1-2: Ball 2-2: Foul Ball, location: 2F 2-2: Foul Ball, location: 2F 2-2: Foul Ball, location: 2F 2-2: Strikes out swinging
|
Batting: RHB Steve Gómez
|
0-0: Ball 1-0: Foul Ball, location: 2F 1-1: Ball 2-1: Ball 3-1: Base on Balls
|
Batting: RHB Ramón Díaz
|
0-0: Called Strike 0-1: Ball Wild Pitch! Steve Gómez to second 1-1: Foul Ball, location: 2F 1-2: Ball 2-2: Foul Ball, location: 2F 2-2: Ball Wild Pitch! Steve Gómez to third 3-2: Ground out 4-3 (Groundball, 34) Steve Gómez scores
|
Batting: SHB Jacob Knapp
|
0-0: Called Strike 0-1: Ball 1-1: Ball 2-1: Ball 3-1: Base on Balls
|
Batting: RHB Anastasio Zartuche
|
0-0: Called Strike 0-1: Called Strike 0-2: Ground out 4-3 (Groundball, 4S)
|
Top of the 8th over - 1 run(s), 0 hit(s), 0 error(s), 1 left on base; Key West 4 - Salem 9 |
BOTTOM OF THE 8TH |
Salem Silver Souls batting - Pitching for Key West Barracudas : RHP Gabe Lewis
|
Pitching: RHP Armando Chávez
|
|
Batting: RHB Tom Hughes
|
0-0: Ball 1-0: Ball 2-0: Called Strike 2-1: Ball 3-1: Swinging Strike 3-2: Base on Balls
|
Batting: RHB Jim Villiers
|
0-0: Called Strike 0-1: Fly out, F8 (Flyball, 8LM)
|
Batting: LHB Hamilton Hughes
|
0-0: Called Strike 0-1: Ball 1-1: Swinging Strike Error on foul ball, E5 1-2: Ball 2-2: Ball 3-2: Foul Ball, location: 2F 3-2: Foul Ball, location: 2F 3-2: Base on Balls Tom Hughes to second
|
Batting: RHB Adam Thomas
|
0-0: Called Strike 0-1: Fly out, F8 (Flyball, 78D)
|
Batting: LHB Jermaine Carter
|
0-0: Ball 1-0: Foul Ball, location: 2F 1-1: Ball 2-1: Ball 3-1: SINGLE (Groundball, 4MD) Tom Hughes to third Hamilton Hughes to second Runner from 3rd tries for Home, SAFE, no throw
|
Batting: SHB Francis Shaffer
|
0-0: Called Strike 0-1: Called Strike 0-2: Fielders Choice at 2nd, 6-4 (Groundball, 6)
|
Bottom of the 8th over - 1 run(s), 1 hit(s), 1 error(s), 1 left on base; Key West 4 - Salem 10 |
TOP OF THE 9TH |
Key West Barracudas batting - Pitching for Salem Silver Souls : RHP Mario Navarro
|
Now in RF: Dawson Fowler
|
|
Batting: RHB Domingo Hernández
|
0-0: Called Strike 0-1: Ball 1-1: Foul Ball, location: 2F 1-2: Ball 2-2: Strikes out looking
|
Batting: RHB Júlio Cruz
|
0-0: Ball 1-0: Called Strike 1-1: Swinging Strike 1-2: Foul Ball, location: 2F 1-2: Ball 2-2: Fly out, F8 (Flyball, 8RM)
|
Batting: SHB Luis Manuel López
|
0-0: Ground out U3 (Groundball, 3)
|
Top of the 9th over - 0 run(s), 0 hit(s), 0 error(s), 0 left on base; Key West 4 - Salem 10 |
|